 Dungeon Crawl Stone Soup version 0.30.1-11-g7821555f0a (webtiles) character file.

Game seed: 16480550138347712699

308946 Panicmode the Slayer (level 21, 0/152 HPs)
             Began as a Gargoyle Fighter on Dec 2, 2023.
             Was the Champion of the Shining One.
             Killed from afar by a lich (16 damage)
             ... with a bolt of cold
             ... on level 4 of the Vaults.
             The game lasted 04:20:25 (43641 turns).

Panicmode the Slayer (Gargoyle Fighter)            Turns: 43641, Time: 04:20:25

Health: 0/152      AC: 44    Str: 38    XL:     21   Next: 58%
Magic:  0/31       EV:  9    Int: 11    God:    the Shining One [******]
Gold:   2720       SH: 39    Dex: 14    Spells: 20/20 levels left

rFire   . . .        b - +5 eveningstar (flame)
rCold   + + .        U - +6 tower shield {reflect}
rNeg    + + +        q - +1 plate armour {rC+}
rPois   ∞            c - +0 mask of the Dragon {Will+ Slay+3 SInv}
rElec   +            G - +1 cloak {Will+}
rCorr   +            H - +1 pair of gloves of Makhleb, Screaming {Str+3}
SInv    +            X - +0 pair of boots
Will    ++++.        K - amulet of Gaoser {Spirit Will+ rCorr Dex+2} Stlth
                     N - ring of protection from cold
HPRegen 0.45/turn    Q - ring of Ophi {Str+6 Dex+3}
MPRegen 0.22/turn

%: reflection, guardian spirit
@: divinely shielded, about to teleport, flying, slowed, glowing, very slow
A: sickness immunity, AC +16, big wings, negative energy resistance 1,
electricity resistance, torment resistance 1, petrification resistance
}: 1/15 runes: decaying
a: Renounce Religion, Divine Shield, Cleansing Flame, Summon Divine Warrior


You were on level 4 of the Vaults.
You worshipped the Shining One.
The Shining One was exalted by your worship.
You visited 7 branches of the dungeon, and saw 35 of its levels.
You also visited: Bailey.

You collected 5221 gold pieces.
You spent 2501 gold pieces at shops.

Inventory:

Hand Weapons
 a - a +4 sacred scourge of holy wrath
 b - a +5 eveningstar of flaming (weapon)
 M - the +7 flail of Defiance {elec, rF+ Int+5}
   (You bought it in a shop on level 2 of the Orcish Mines)

   Int:       It affects your intelligence (+5).
   rF:        It protects you from fire.
 O - a +4 morningstar of freezing
Missiles
 m - 4 silver javelins
 I - 44 boomerangs (quivered)
 J - 8 curare-tipped darts
 P - 8 silver boomerangs
Armour
 c - the +0 mask of the Dragon (worn) {Will+ Slay+3 SInv}
   (You bought it in a shop on level 2 of the Orcish Mines)

   Slay:      It affects your accuracy & damage with ranged weapons and melee
   (+3).
   SInv:      It lets you see invisible.
   Will:      It increases your willpower.
 q - a +1 plate armour of cold resistance (worn)
 u - a +1 plate armour of fire resistance
 v - a +2 cloak of preservation
 G - a +1 cloak of willpower (worn)
 H - the +1 pair of gloves of Makhleb, Screaming (worn) {Str+3}
   (You found it on level 3 of the Elven Halls)

   Str:       It affects your strength (+3).
 U - a +6 tower shield of reflection (worn)
 X - a +0 pair of boots (worn)
Jewellery
 k - a +6 ring of strength
 K - the amulet of Gaoser (around neck) {Spirit Will+ rCorr Dex+2}
   (You found it on level 2 of the Orcish Mines)

   [amulet of guardian spirit]

   It causes incoming damage to be divided between your reserves of health and
   magic.
   Dex:       It affects your dexterity (+2).
   rCorr:     It protects you from acid and corrosion.
   Will:      It increases your willpower.
 N - a ring of protection from cold (left hand)
 Q - the ring of Ophi (right hand) {Str+6 Dex+3}
   (You took it off a deep elf death mage on level 3 of the Elven Halls)

   [ring of strength]

   Str:       It affects your strength (+6).
   Dex:       It affects your dexterity (+3).
 V - a +5 ring of evasion
 W - the ring "Lacudave" {Str+6 Dex+3}
   (You found it on level 4 of the Vaults)

   [ring of strength]

   Str:       It affects your strength (+6).
   Dex:       It affects your dexterity (+3).
Wands
 d - a wand of iceblast (26)
 s - a wand of polymorph (25)
 t - a wand of paralysis (22)
 x - a wand of flame (138)
 z - a wand of digging (25)
 R - a wand of mindburst (35)
 Y - a wand of acid (24)
Scrolls
 f - 7 scrolls of fog
 h - 7 scrolls of poison
 p - 17 scrolls of teleportation
 y - a scroll of enchant armour
 A - 7 scrolls of fear
 C - 6 scrolls of amnesia
 E - a scroll of brand weapon
 F - 2 scrolls of blinking
 L - 7 scrolls of magic mapping
 T - 8 scrolls of silence
Potions
 e - 2 potions of heal wounds
 g - 9 potions of mutation
 i - 3 potions of ambrosia
 l - 7 potions of haste
 r - 13 potions of curing
 w - 8 potions of brilliance
 B - a potion of cancellation
 D - 7 potions of might
 S - a potion of magic
Miscellaneous
 j - a condenser vane (inert)
 o - a phial of floods
 Z - a phantom mirror


   Skills:
 + Level 22.7 Fighting
 - Level 16.0 Maces & Flails
 - Level 20.4 Armour
 + Level 21.5 Shields
 - Level 14.0 Invocations


You had 20 spell levels left.
You didn't know any spells.
Your spell library contained the following spells:

 Spells                   Type           Power      Damage    Failure   Level
 Freeze                   Ice            0%         1d3       80%         1
 Magic Dart               Conj           0%         1d3       80%         1
 Sandblast                Erth           0%         2d4       80%         1
 Call Imp                 Summ           0%         N/A       91%         2
 Passwall                 Tmut/Erth      0%         N/A       91%         2
 Scorch                   Fire           0%         2d5       91%         2
 Searing Ray              Conj           0%         2d4       91%         2
 Static Discharge         Conj/Air       0%         2-2/arc   91%         2
 Call Canine Familiar     Summ           0%         N/A       99%         3
 Dazzling Flash           Conj/Hex       0%         N/A       99%         3
 Frozen Ramparts          Ice            0%         1d1       99%         3
 Hailstorm                Conj/Ice       0%         3d3       99%         3
 Ignite Poison            Fire/Tmut/Pois 0%         N/A       99%         3
 Mephitic Cloud           Conj/Pois/Air  0%         N/A       99%         3
 Portal Projectile        Hex/Tloc       0%         N/A       99%         3
 Stone Arrow              Conj/Erth      0%         3d7       99%         3
 Summon Guardian Golem    Hex/Summ       0%         N/A       99%         3
 Vhi's Electric Charge    Tloc/Air       0%         N/A       99%         3
 Volatile Blastmotes      Fire/Tloc      0%         2d10      99%         3
 Airstrike                Air            0%         2d(0-16)  100%        4
 Animate Armour           Summ/Erth      0%         N/A       100%        4
 Flame Wave               Conj/Fire      0%         2d4       100%        4
 Fulminant Prism          Conj/Hex       0%         3d5       100%        4
 Iskenderun's Mystic Bla  Conj/Tloc      0%         2d3       100%        4
 Leda's Liquefaction      Hex/Erth       0%         N/A       100%        4
 Passage of Golubria      Tloc           0%         N/A       100%        4
 Sticky Flame             Conj/Fire      0%         2d3       100%        4
 Summon Ice Beast         Ice/Summ       0%         N/A       100%        4
 Summon Lightning Spire   Summ/Air       0%         N/A       100%        4
 Arcjolt                  Conj/Air       0%         1d10      100%        5
 Blade Hands              Tmut           0%         N/A       100%        5
 Irradiate                Conj/Tmut      0%         3d11      100%        5
 Iskenderun's Battlesphe  Conj           0%         2d6       100%        5
 Silence                  Hex/Air        0%         N/A       100%        5
 Iron Shot                Conj/Erth      0%         9d1       100%        6
 Plasma Beam              Fire/Air       0%         2x1d11    100%        6
 Starburst                Conj/Fire      0%         6d3       100%        6
 Summon Cactus Giant      Summ           0%         N/A       100%        6
 Dragon Form              Tmut           0%         N/A       100%        7
 Orb of Destruction       Conj           0%         9d5       100%        7
 Spellforged Servitor     Conj/Summ      0%         N/A       100%        7
 Borgnjor's Revivificati  Necr           0%         N/A       100%        8
 Ignition                 Fire           0%         3d3       100%        8
 Lehudib's Crystal Spear  Conj/Erth      0%         10d2      100%        8
 Necromutation            Tmut/Necr      0%         N/A       100%        8
 Death's Door             Necr           0%         N/A       100%        9


Dungeon Overview and Level Annotations

Branches:
Dungeon (15/15)            Temple (1/1) D:4            Lair (5/5) D:9
  Swamp (4/4) Lair:2       Spider (0/4) Lair:2        Slime (0/5) Lair:4
    Orc (2/2) D:12            Elf (3/3) Orc:2        Vaults (5/5) D:14
  Crypt (0/3) Vaults:2     Depths (0/4) D:15         Bailey (visited)

Altars:
Ashenzari
Cheibriados
Dithmenos
Elyvilon
Fedhas
Gozag
Hepliaklqana
Makhleb
Nemelex Xobeh
Okawaru
Qazlal
Ru
Sif Muna
Trog
Uskayaw
Vehumet
Wu Jian
Xom
Yredelemnul
Zin
The Shining One

Shops:
D:4 *:*!   D:7 =   D:10 ?   D:13 *   Orc:1 (   Orc:2 [([(   Elf:3 =:=
Vaults:1 *   Vaults:3 (


Innate Abilities, Weirdness & Mutations

You are immune to sickness and miasma.
Your stone body is resilient. (AC +16)
You are immune to poison.
Your large and strong wings let you fly.
You resist negative energy. (rN+)
You are resistant to electric shocks. (rElec)
You are resistant to unholy torment.
You are immune to petrification.


Message History

Your daeva hits the shadow wraith with a +3 scimitar of holy wrath!
The shadow wraith convulses.
Your daeva hits the shadow wraith with a +3 scimitar of holy wrath!
The shadow wraith is destroyed!
The Shining One accepts your kill.
You escape the tentacled monstrosity's grasp.
You block the unseen horror's attack. You block the lich's attack.
The lich touches you but does no damage.
The vault guard hits you but does no damage.
You block the phantasmal warrior's attack.
You block the tentacled monstrosity's attack.
The tentacled monstrosity tentacle-slaps you but does no damage.
The tentacled monstrosity barely misses you.
You block the tentacled monstrosity's attack.
You fly upwards.
Your summoned ally is left behind.
There is a stone staircase leading down, spattered with blood here.
As you read the scroll of teleportation, it crumbles to dust.
You feel strangely unstable.
The lich touches you but does no damage.
You block the phantasmal warrior's attack.
You block the vault guard's attack. The lich touches you!
* * * LOW HITPOINT WARNING * * *
The tentacled monstrosity tentacle-slaps you but does no damage. x3
The tentacled monstrosity grabs you.
The tentacled monstrosity constricts you.
You block the phantasmal warrior's attack.
The vault guard hits you but does no damage.
The lich completely misses you.
You escape the tentacled monstrosity's grasp.
The tentacled monstrosity attacks as you move away!
You block the tentacled monstrosity's attack. x2
The tentacled monstrosity tentacle-slaps you but does no damage.
You block the tentacled monstrosity's attack.
The lich casts a spell at you. The bolt of cold hits you! You resist.
* * * LOW HITPOINT WARNING * * *
You block the vault guard's attack. The lich casts a spell at you.
The bolt of cold hits you! You resist.
You die...

..# ##########..[)[[)....#
..# #........#.<[###.....#
..# #........#...'.#'#...#
..# #........#..##.#.###.#
### #........#[?#.[#...#)#
..# #........[.###'#####)#
..#
#........#.#...#).#[.######
..#
#........#[###.#.##.......)
..#
##########@.L###.'...#...!.
..# #XW.[.###...#....) ..#
#..p........#..>.. ..#
##################....) ..#
#.....# #..... ..# #.....#
#..... ###########.....#
#..... ..........#.....#
#.<... ..........#.....#
#.....


You could see a tentacled monstrosity, a lich (fast, invisible), a vault guard
and a phantasmal warrior.

Vanquished Creatures
  Mennas (Vaults:3)
  Bai Suzhen (Swamp:3)
  Saint Roka (Vaults:4)
  Xtahua (Vaults:4)
  2 golden dragons (Vaults:4)
  The ghost of TangoThomas the Warrior, an adept DsGl of Ashenzari (Elf:3)
  Zenata (Vaults:2)
  2 tentacled monstrosities
  2 deep elf blademasters (Elf:3)
  3 titans (Vaults:4)
  2 deep elf master archers (Elf:3)
  2 sphinxes
  A thorn hunter (Swamp:3)
  Agnes (D:14)
  3 shadow dragons
  A storm dragon (Vaults:4)
  2 fire giants
  A fenstrider witch (Swamp:4)
  An emperor scorpion (shapeshifter) (Elf:1)
  6 deep elf sorcerers
  2 deep elf elementalists
  A frost giant (Vaults:3)
  18 vault wardens
  Aizul (Vaults:1)
  3 war gargoyles
  13 ironbound preservers
  2 orc warlords
  4 stone giants
  3 very ugly things (Vaults:4)
  10 ironbound thunderhulks
  Nessos (Lair:5)
  7 deep elf demonologists (Elf:3)
  3 eleionomae
  8 deep elf annihilators
  5 bunyips
  Azrael (Elf:2)
  7 deep elf death magi
  Snorg (Lair:5)
  A fire dragon (Lair:5)
  Josephine (Swamp:1)
  2 crystal guardians (Vaults:3)
  4 shambling mangroves
  2 entropy weavers
  3 great orbs of eyes
  17 yaktaur captains
  A deep elf high priest (Elf:3)
  The ghost of TangoThomas the Geomancer, a journeyman DsEE of Makhleb (Orc:2)
  21 vault guards
  A great orb of eyes (shapeshifter) (Elf:1)
  A rakshasa (D:14)
  20 hydras
  2 catoblepae
  4 peacekeepers (Vaults:3)
  2 ghost crabs
  An anaconda (shapeshifter) (D:14)
  12 ironbound frosthearts
  2 boulder beetles
  An ogre mage (Vaults:5)
  19 centaur warriors
  32 dancing weapons
  4 alligators
  4 two-headed ogres
  2 tengu warriors (D:14)
  2 orc high priests (Orc:2)
  A deep troll earth mage (Vaults:4)
  A shock serpent (shapeshifter) (Elf:2)
  17 deep elf knights
  Urug (D:11)
  A vampire mage (Vaults:2)
  A spriggan berserker (Swamp:3)
  A hell knight (Vaults:4)
  7 goliath frogs
  12 deep elf archers
  2 spriggan druids
  13 swamp dragons
  18 deep trolls
  11 bog bodies
  A death drake (shapeshifter) (D:14)
  4 wizards
  10 ironbound convokers
  2 phantasmal warriors (Vaults:2)
  3 lindwurms (Vaults:4)
  A wolf spider zombie (D:15)
  12 orc knights
  A tengu zombie (Vaults:3)
  3 harpies (Vaults:3)
  23 deep elf pyromancers
  3 necromancers
  A sphinx zombie (Vaults:3)
  21 deep elf zephyrmancers
  2 manticores
  16 ugly things
  5 orc sorcerers
  5 cyclopes
  3 elephants (Lair:4)
  5 will-o-the-wisps
  12 vault sentinels
  A centaur zombie (D:15)
  2 naga magi (D:15)
  2 black mambas
  A human zombie (Vaults:3)
  A torpor snail (Lair:5)
  2 gargoyles
  An unseen horror (D:13)
  A rime drake (shapeshifter) (D:13)
  Psyche (D:9)
  17 cane toads
  7 komodo dragons
  3 efreet
  A freezing wraith (Vaults:4)
  14 rime drakes
  A kobold demonologist (D:10)
  44 yaktaurs
  6 tyrant leeches
  3 meliai (D:14)
  6 trolls
  2 tarantellas (shapeshifter)
  5 blink frogs (Lair:1)
  Grinder (D:4)
  13 hornets
  7 dream sheep (Lair:5)
  12 slime creatures
  7 wraiths
  68 yaks
  A jumping spider (shapeshifter) (D:14)
  Sigmund (D:6)
  A centaur simulacrum (D:15)
  A fire giant simulacrum (Vaults:3)
  A culicivora (Vaults:4)
  9 spriggans
  4 air elementals
  A culicivora (shapeshifter) (D:14)
  4 wyverns
  11 fire elementals
  A hog (D:6)
  10 basilisks
  A shadow (D:7)
  Grum (D:10)
  A redback (Vaults:4)
  15 steam dragons
  Menkaure (D:4)
  A redback (shapeshifter) (Vaults:4)
  10 vampire mosquitoes
  A redback simulacrum (D:15)
  9 wargs
  13 swamp worms
  Duvessa (D:6)
  2 acid dragons
  13 water moccasins
  4 hell hounds (Elf:1)
  16 swamp drakes
  54 orc warriors
  4 black bears
  A hornet zombie (D:15)
  3 ogres
  2 boggarts (Vaults:4)
  14 wolves
  6 centaurs
  A phantom (D:6)
  11 bullfrogs
  5 earth elementals
  4 scorpions
  A gnoll sergeant (D:12)
  20 wights
  Dowan (D:6)
  18 killer bees
  7 howler monkeys
  An electric eel (Elf:2)
  4 gnoll boudas
  7 hounds
  7 jellies
  Crazy Yiuf (D:6)
  21 orc priests
  5 iguanas
  27 orc wizards
  6 adders
  27 gnolls
  5 white imps
  An ufetubus (D:6)
  A worm (D:1)
  4 dart slugs
  131 orcs
  6 ball pythons
  7 bats
  5 endoplasms
  3 giant cockroaches
  7 goblins
  11 hobgoblins
  6 quokkas
  3 frilled lizards
  7 kobolds
  6 rats
  A spectral weapon (Elf:3)
1331 creatures vanquished.

Vanquished Creatures (collateral kills)
  A hydra (Swamp:4)
  A vault guard (Vaults:5)
  A shadow wraith (Vaults:5)
  A swamp dragon (Swamp:4)
  A bog body (Swamp:4)
5 creatures vanquished.

Vanquished Creatures (others)
  An ironbound preserver (Vaults:4)
  A bunyip (Swamp:2)
  An alligator (Swamp:3)
  A spriggan druid (Swamp:2)
  An ugly thing (Vaults:3)
  2 bloated husks
  2 hornets
  2 spriggans
  A steam dragon (Lair:2)
  A swamp drake (Swamp:2)
  A quokka (D:9)
  36 foxfires
50 creatures vanquished.

Grand Total: 1386 creatures vanquished

Notes
Turn   | Place    | Note
-------+----------+-------------------------------------------
     0 | D:1      | Panicmode the Gargoyle Fighter began the quest for the Orb.
     0 | D:1      | Reached XP level 1. HP: 14/14 MP: 1/1
   158 | D:1      | Reached XP level 2. HP: 19/19 MP: 2/2
   725 | D:1      | Reached XP level 3. HP: 24/24 MP: 3/3
  1124 | D:2      | Found a faded altar of an unknown god.
  1165 | D:2      | Found a burning altar of Makhleb.
  1489 | D:2      | Reached skill level 4 in Fighting
  1489 | D:2      | Reached XP level 4. HP: 29/29 MP: 4/4
  1956 | D:3      | Reached XP level 5. HP: 21/34 MP: 5/5
  2041 | D:3      | Found a glowing silver altar of Zin.
  2344 | D:4      | Noticed Grinder
  2344 | D:4      | Found a staircase to the Ecumenical Temple.
  2389 | D:4      | Found Hidwuugg's Assorted Antiques.
  2512 | D:4      | Found a hazy altar of Hepliaklqana.
  2579 | D:4      | Paralysed by Grinder for 4 turns
  2598 | D:4      | Killed Grinder
  2599 | D:4      | Reached skill level 5 in Fighting
  2599 | D:4      | Reached skill level 5 in Armour
  2599 | D:4      | Reached XP level 6. HP: 24/40 MP: 3/6
  2712 | D:4      | Identified the +4 spear of Action {heavy, rPois Dex+4}
  2819 | D:4      | Found Diclekk's Book Shoppe.
  2829 | Temple   | Entered the Ecumenical Temple
  3089 | Temple   | Became a worshipper of the Shining One
  3199 | D:4      | Noticed Menkaure
  3202 | D:4      | Killed Menkaure
  3203 | D:4      | Reached XP level 7. HP: 45/45 MP: 7/7
  3255 | D:4      | Found Uprelerch's Assorted Antiques.
  3282 | D:4      | Found Duoq's Distillery.
  3582 | D:5      | Entered Level 5 of the Dungeon
  3642 | D:5      | Reached skill level 6 in Fighting
  3642 | D:5      | Reached skill level 5 in Maces & Flails
  3911 | D:5      | Reached XP level 8. HP: 52/52 MP: 8/8
  4064 | D:5      | Reached * piety under the Shining One
  4138 | D:5      | Found a shimmering blue altar of Sif Muna.
  4678 | D:6      | Found a burning altar of Makhleb.
  4680 | D:6      | Noticed a balrug
  4698 | D:6      | Reached skill level 7 in Fighting
  4880 | D:6      | Noticed Sigmund
  4910 | D:6      | Killed Sigmund
  4943 | D:6      | Noticed Dowan
  4948 | D:6      | Noticed Duvessa
  4950 | D:6      | Killed Dowan
  4951 | D:6      | Reached skill level 5 in Shields
  4961 | D:6      | Killed Duvessa
  4962 | D:6      | Reached XP level 9. HP: 17/57 MP: 9/9
  5259 | D:6      | Noticed Maggie
  5262 | D:6      | Maggie changed into Maggie the hog
  5262 | D:6      | Noticed Maggie
  5273 | D:6      | Killed Maggie the hog
  5414 | D:6      | Found a runed translucent door.
  5415 | D:6      | Identified the +3 hammer "Maheuxi Mioh" {freeze, *Noise
                  | rPois rF+++ rN+}
  5415 | D:6      | Noticed Crazy Yiuf
  5422 | D:6      | Killed Crazy Yiuf
  6126 | D:7      | Reached ** piety under the Shining One
  6174 | D:7      | Reached skill level 8 in Fighting
  6309 | D:7      | Found Mopleudi's Jewellery Shoppe.
  6373 | D:7      | Found a flagged portal.
  6402 | Bailey   | Entered a bailey
  6603 | D:7      | Found a bloodstained altar of Trog.
  6641 | D:7      | Found a radiant altar of Vehumet.
  7181 | D:8      | Found a stormy altar of Qazlal.
  7181 | D:8      | Found a sparkling altar of Nemelex Xobeh.
  7228 | D:8      | Reached XP level 10. HP: 65/65 MP: 10/10
  7265 | D:8      | Reached skill level 9 in Fighting
  7396 | D:8      | Found a shadowy altar of Dithmenos.
  7410 | D:8      | Reached *** piety under the Shining One
  7412 | D:8      | Reached skill level 1 in Invocations
  7831 | D:8      | Found an ornate altar of the Wu Jian Council.
  8227 | D:9      | Noticed Psyche
  8234 | D:9      | Killed Psyche
  8410 | D:9      | Found a staircase to the Lair.
  8461 | D:9      | Found a white marble altar of Elyvilon.
  9141 | D:10     | Entered Level 10 of the Dungeon
  9163 | D:10     | Found a sacrificial altar of Ru.
  9241 | D:10     | Reached skill level 10 in Armour
  9269 | D:10     | Noticed Grum
  9280 | D:10     | Reached skill level 10 in Fighting
  9290 | D:10     | Killed Grum
  9291 | D:10     | Reached XP level 11. HP: 71/72 MP: 12/14
  9371 | D:10     | Found Luuf's Magic Scroll Emporium.
  9378 | D:10     | Bought a scroll of enchant weapon for 105 gold pieces
  9380 | D:10     | Bought a scroll of identify for 28 gold pieces
  9718 | D:10     | Found a snail-covered altar of Cheibriados.
  9874 | D:10     | Reached **** piety under the Shining One
  9891 | D:10     | Noticed a sixfirhy
 10108 | Lair:1   | Entered Level 1 of the Lair of Beasts
 10266 | Lair:1   | Reached skill level 5 in Invocations
 10692 | Lair:1   | Found an iron altar of Okawaru.
 10810 | Lair:1   | Reached skill level 11 in Fighting
 11204 | Lair:2   | Reached skill level 10 in Maces & Flails
 11207 | Lair:2   | Noticed a bog body
 11220 | Lair:2   | Killed a bog body
 11221 | Lair:2   | Reached XP level 12. HP: 61/80 MP: 15/17
 11320 | Lair:2   | Found a staircase to the Swamp.
 11332 | Lair:2   | Found a hole to the Spider Nest.
 11815 | Lair:2   | Reached skill level 12 in Fighting
 12029 | Lair:2   | Reached skill level 10 in Shields
 12052 | Lair:2   | Identified the +3 sling "Ryxzale" {drain, *Corrode Will+++}
 13462 | Lair:4   | Reached XP level 13. HP: 87/87 MP: 19/19
 13578 | Lair:4   | Found a staircase to the Slime Pits.
 14165 | Lair:5   | Entered Level 5 of the Lair of Beasts
 14165 | Lair:5   | Noticed Nessos
 14320 | Lair:5   | Killed Nessos
 14542 | Lair:5   | Reached skill level 13 in Fighting
 14661 | Lair:5   | Identified the +0 pair of gloves "Kinlisenk" {Int+3}
 15056 | Lair:5   | Noticed Snorg
 15065 | Lair:5   | Reached ***** piety under the Shining One
 15074 | Lair:5   | Killed Snorg
 15099 | Lair:5   | Reached skill level 10 in Invocations
 15695 | Lair:5   | Noticed a fire dragon
 15725 | Lair:5   | Killed a fire dragon
 16323 | D:11     | Noticed Urug
 16337 | D:11     | Killed Urug
 16379 | D:11     | Gained mutation: Your large and strong wings let you fly.
                  | [Gargoyle growth]
 16379 | D:11     | Reached XP level 14. HP: 95/95 MP: 21/21
 16560 | D:11     | Reached skill level 14 in Fighting
 17171 | D:12     | Identified the +8 falchion "Killer Klown's Bane" {venom,
                  | rF++ rC-}
 17671 | D:12     | Found a staircase to the Orcish Mines.
 17677 | D:12     | Identified the +1 animal skin of Free Will {Drain rCorr
                  | Str+5}
 18088 | Orc:1    | Entered Level 1 of the Orcish Mines
 18106 | Orc:1    | Found Beuf's Antique Weapon Boutique.
 18616 | Orc:2    | Entered Level 2 of the Orcish Mines
 18809 | Orc:2    | Noticed an orc warlord
 19037 | Orc:2    | Killed an orc warlord
 19175 | Orc:2    | Paralysed by an orc sorcerer for 5 turns
 19242 | Orc:2    | Found a staircase to the Elven Halls.
 19318 | Orc:2    | Found Jisaets's Weapon Shoppe.
 19438 | Orc:2    | Found Reopp's Antique Armour Shoppe.
 19888 | Orc:2    | Paralysed by an orc sorcerer for 2 turns
 19892 | Orc:2    | Reached skill level 15 in Fighting
 19964 | Orc:2    | Noticed an orc warlord
 20121 | Orc:1    | Killed an orc warlord
 20225 | Orc:2    | Found a runed translucent gate.
 20225 | Orc:2    | Noticed TangoThomas's ghost (journeyman DsEE)
 20226 | Orc:2    | Found a runed translucent gate.
 20227 | Orc:2    | Found a runed translucent gate.
 20270 | Orc:2    | Reached XP level 15. HP: 103/103 MP: 23/23
 20402 | Orc:2    | Found Sidoil's Antique Weapon Shoppe.
 20404 | Orc:2    | Found Dywkuasi's Antique Armour Emporium.
 20568 | Orc:2    | Killed TangoThomas's ghost
 20627 | Orc:2    | Identified the amulet of Gaoser {Spirit Will+ rCorr Dex+2}
 20866 | Orc:2    | Bought the +0 mask of the Dragon {Will+ Slay+3 SInv} for
                  | 1035 gold pieces
 20866 | Orc:2    | Found the +0 mask of the Dragon {Will+ Slay+3 SInv}
 20883 | Orc:2    | Bought a faintly glowing flail for 246 gold pieces
 20883 | Orc:2    | Identified the +7 flail of Defiance {elec, rF+ Int+5} (You
                  | bought it in a shop on level 2 of the Orcish Mines)
 20889 | Orc:2    | Bought an ancient whip for 217 gold pieces
 20889 | Orc:2    | Identified the +10 whip of Rareal {flame, rElec Str+2 Int-5
                  | Dex+3 Stlth+} (You bought it in a shop on level 2 of the
                  | Orcish Mines)
 21388 | Elf:1    | Entered Level 1 of the Elven Halls
 21466 | Elf:1    | Noticed a deep elf elementalist
 21478 | Elf:1    | Killed a deep elf elementalist
 21582 | Elf:1    | a tyrant leech changed into a ghost moth
 21582 | Elf:1    | Noticed a ghost moth (shapeshifter)
 21583 | Elf:1    | a ghost moth changed into an ice dragon
 21616 | Elf:1    | a dire elephant changed into a storm dragon
 21616 | Elf:1    | Noticed a storm dragon (glowing shapeshifter)
 21618 | Elf:1    | a storm dragon changed into a dire elephant
 21619 | Elf:1    | a dire elephant changed into a storm dragon
 21619 | Elf:1    | Noticed a storm dragon (glowing shapeshifter)
 21623 | Elf:1    | a storm dragon changed into a death yak
 21639 | Elf:1    | Noticed a shadow dragon
 21639 | Elf:1    | a shadow dragon changed into a fire giant
 21639 | Elf:1    | Noticed a fire giant (glowing shapeshifter)
 21640 | Elf:1    | a fire giant changed into a stone giant
 21648 | Elf:1    | a stone giant changed into an azure jelly
 21648 | Elf:1    | Noticed an azure jelly (glowing shapeshifter)
 21649 | Elf:1    | an azure jelly changed into a dire elephant
 21657 | Elf:1    | a dire elephant changed into an emperor scorpion
 21657 | Elf:1    | Noticed an emperor scorpion (glowing shapeshifter)
 21660 | Elf:1    | Killed an emperor scorpion
 21674 | Elf:1    | Paralysed by an air elemental for 1 turns
 22549 | Elf:1    | Reached skill level 16 in Fighting
 22971 | Elf:1    | Identified the +4 quarterstaff of Dust {distort, +Blink Fly
                  | MP-9 Str+4}
 22987 | Elf:1    | Identified a scroll of acquirement
 22989 | Elf:1    | Acquired a manual of Shields
 23327 | Elf:2    | Noticed Azrael
 23527 | Elf:2    | Killed Azrael
 23725 | Elf:2    | Reached XP level 16. HP: 99/111 MP: 25/25
 23758 | Elf:2    | Found a runed translucent gate.
 23759 | Elf:2    | Found a runed translucent gate.
 23759 | Elf:2    | Found a runed translucent gate.
 23880 | Elf:2    | Reached skill level 15 in Armour
 24130 | Elf:2    | Reached ****** piety under the Shining One
 25108 | Elf:3    | Entered Level 3 of the Elven Halls
 25127 | Elf:3    | Found a runed translucent gate.
 25127 | Elf:3    | Found a runed translucent gate.
 25129 | Elf:3    | Paralysed by an air elemental for 1 turns
 25134 | Elf:3    | Paralysed by an air elemental for 1 turns
 25137 | Elf:3    | Found a runed translucent gate.
 25153 | Elf:3    | Noticed TangoThomas's ghost (adept DsGl)
 25416 | Elf:3    | Paralysed by an air elemental for 1 turns
 25421 | Elf:3    | Paralysed by an air elemental for 1 turns
 25464 | Elf:3    | Paralysed by an air elemental for 1 turns
 25542 | Elf:3    | Reached skill level 17 in Fighting
 25752 | Elf:3    | Noticed a Brimstone Fiend
 25770 | Elf:3    | Noticed a Brimstone Fiend
 25856 | Elf:3    | Noticed a deep elf master archer
 25873 | Elf:3    | Killed a deep elf master archer
 25894 | Elf:3    | Noticed a deep elf blademaster
 25916 | Elf:3    | Killed a deep elf blademaster
 26061 | Elf:3    | Noticed a deep elf blademaster
 26091 | Elf:3    | Noticed a deep elf master archer
 26094 | Elf:3    | Identified the +7 lajatang of Conformity {protect, rC+
                  | Dex-2 SInv}
 26119 | Elf:3    | Killed a deep elf master archer
 26120 | Elf:3    | Reached XP level 17. HP: 93/118 MP: 23/27
 26143 | Elf:3    | Noticed a Brimstone Fiend
 26276 | Elf:3    | Identified the +9 short sword of Ashenzari's Approval
                  | {heavy, Will+ Dex+2}
 26276 | Elf:3    | Identified the ring of Ophi {Str+6 Dex+3}
 26295 | Elf:3    | Reached skill level 15 in Shields
 26302 | Elf:3    | Killed a deep elf blademaster
 26615 | Elf:3    | Found Qissorud's Jewellery Boutique.
 26616 | Elf:3    | Found Comuefag's Book Shoppe.
 26618 | Elf:3    | Found Xommeof's Jewellery Boutique.
 26760 | Elf:3    | Identified the +0 leather armour of the Moon {+Inv rC+
                  | Int+3}
 26811 | Elf:3    | Found the +27 heavy crossbow "Sniper" {heavy, Acc+∞ SInv}
 26841 | Elf:3    | Noticed a Tzitzimitl
 26848 | Elf:3    | Noticed a Tzitzimitl
 26863 | Elf:3    | Noticed an Executioner
 27129 | Elf:3    | Noticed a Tzitzimitl
 27267 | Elf:3    | Got the Secrets of the Tempest and the Swarm
 27268 | Elf:3    | Identified the staff of air "Ipluij" {rElec Will++ Int+3}
 27427 | Elf:3    | Killed TangoThomas's ghost
 27472 | Elf:3    | Identified the +1 pair of gloves of Makhleb, Screaming
                  | {Str+3}
 27749 | D:13     | Reached skill level 18 in Fighting
 28248 | D:13     | Found Xeomarol's CLEARANCE SALE!.
 28717 | D:14     | Noticed Agnes
 28727 | D:14     | Killed Agnes
 28777 | D:14     | Found a gate to the Vaults.
 29464 | D:15     | Entered Level 15 of the Dungeon
 29527 | D:15     | Found a staircase to the Depths.
 29725 | D:15     | Identified the +6 war axe "Ynev" {vamp, Str+4}
 29834 | D:15     | Acquired a +2 tower shield of reflection
 30494 | Orc:2    | Bought an embroidered scarf for 248 gold pieces
 30494 | Orc:2    | Bought a runed cloak for 232 gold pieces
 30700 | Swamp:1  | Entered Level 1 of the Swamp
 30764 | Swamp:1  | You are sucked into a shaft and drop 1 floor!
 30807 | Swamp:2  | Reached XP level 18. HP: 97/126 MP: 17/28
 31348 | Swamp:1  | Found the +3 hat of Pondering {ponderous, Will+ MP+10
                  | Int+5}
 31560 | Swamp:1  | Noticed Josephine
 31569 | Swamp:1  | Killed Josephine
 32516 | Swamp:3  | Reached skill level 19 in Fighting
 32917 | Swamp:4  | Entered Level 4 of the Swamp
 33209 | Swamp:4  | Reached skill level 15 in Maces & Flails
 34105 | Swamp:4  | Noticed Bai Suzhen
 34126 | Swamp:3  | Killed Bai Suzhen
 34281 | Swamp:4  | Reached XP level 19. HP: 133/133 MP: 29/29
 34386 | Swamp:4  | Got a decaying rune of Zot
 34776 | Vaults:1 | Entered Level 1 of the Vaults
 35112 | Vaults:1 | Found Sowaor's General Store.
 35116 | Vaults:1 | Bought a scroll of teleportation for 60 gold pieces
 35116 | Vaults:1 | Bought a scroll of enchant weapon for 150 gold pieces
 35116 | Vaults:1 | Bought 3 scrolls of teleportation for 180 gold pieces
 35474 | Vaults:1 | Noticed Aizul
 35523 | Vaults:1 | Killed Aizul
 36770 | Vaults:2 | Noticed Zenata
 36790 | Vaults:2 | Killed Zenata
 36922 | Vaults:2 | Found a staircase to the Crypt.
 37130 | Vaults:2 | Reached skill level 20 in Fighting
 38338 | Vaults:3 | Reached XP level 20. HP: 108/142 MP: 12/30
 39269 | Vaults:3 | Found Duptie Acweu's Weapon Boutique.
 39983 | Vaults:4 | Reached skill level 21 in Fighting
 40071 | Vaults:4 | Noticed Mennas
 40419 | Vaults:3 | Killed Mennas
 40770 | Vaults:4 | Noticed a golden dragon
 40813 | Vaults:4 | Killed a golden dragon
 40863 | Vaults:4 | Noticed Saint Roka
 41126 | Vaults:4 | Killed Saint Roka
 41807 | Vaults:4 | Identified the ring "Lacudave" {Str+6 Dex+3}
 41954 | Vaults:4 | Reached XP level 21. HP: 150/150 MP: 31/31
 42142 | Vaults:4 | Noticed Xtahua
 42156 | Vaults:4 | Killed Xtahua
 42395 | Vaults:4 | Identified a +4 sacred scourge of holy wrath (a +2 demon
                  | whip blessed by the Shining One)
 42395 | Vaults:4 | Received a gift from the Shining One
 42499 | Vaults:5 | Entered Level 5 of the Vaults
 42524 | Vaults:5 | Noticed a golden dragon
 42527 | Vaults:5 | Reached skill level 22 in Fighting
 43347 | Vaults:4 | Killed a golden dragon
 43635 | Vaults:5 | HP: 4/152 [phantasmal warrior (24)]
 43641 | Vaults:4 | Killed from afar by a lich

Illustrated notes

Levels and vault maps discovered:
D:1:      dpeg_arrival_solitude, layout_basic, serial_corexii_hall,
          chequers_hall_statues_wall_a, corexii_hall_statues_x,
          chequers_serial_rivers_micro_b, minmay_misc_feat_room,
          minmay_gold_behind_fungi, minmay_misc_feat_pillars, patterned_corridor
D:2:      layout_rooms, basic_altar, hellmonk_ecumenical_altar_zigzags
D:3:      layout_loops_ring, mainiacjoe_overflow_cross_hatched
D:4:      layout_loops_cross, mainiacjoe_overflow_concentric_impassable,
          minmay_temple_entry_statues_fountains, serial_shops, shop_coins, shop,
          nicolae_shop_crystal, shop, uniq_menkaure, uniq_grinder
D:5:      layout_basic, nicolae_overflow_hidden_temple
D:6:      layout_loops_ring, makhleb_altar_promises_db, uniq_crazy_yiuf_cottage,
          uniq_sigmund, uniq_duvessa, uniq_maggie
D:7:      layout_rooms, mainiacjoe_overflow_six_doors_small,
          mainiacjoe_overflow_small_starburst, enter_bailey_7,
          nicolae_ossuary_entry_false_entrances, serial_shops, shop
D:8:      layout_cave_pools, mainiacjoe_overflow_alcove_1,
          gammafunk_temple_overflow_wave, mainiacjoe_overflow_brackets
D:9:      layout_gridville, elyvilon_altar_4, due_lair_maze_entry_diamond,
          uniq_psyche
D:10:     layout_cave_pods, nicolae_ru_great_annihilating_truth,
          kennysheep_slug_shrine, serial_shops, shop, uniq_grum
D:11:     layout_long_grid, uniq_urug
D:12:     layout_irregular_city, erik_orc_1
D:13:     layout_basic, nicolae_shop_clearance
D:14:     layout_gridville, david_vaults_2, minivault_19, serial_park_tiny_pond,
          uniq_agnes
D:15:     grunt_enter_depths_magical_seal, layout_gridville,
          hangedman_decor_opposing
Temple:   grunt_temple_mini_profane
Lair:1:   layout_cave_pods, basic_altar
Lair:2:   layout_regular_city, skrybe_swamp_entry_bodies, dummy_spider_entry,
          bobbens_dragon_lair_wall
Lair:3:   layout_loops_ring, minivault_27
Lair:4:   statuecave_lemuel, layout_regular_city,
          nicolae_slime_entry_field_trip, grunt_megastairs_2
Lair:5:   guppyfry_lair_end_dragon, layout_cave_pods, st_stairs_11, uniq_nessos,
          uniq_snorg
Swamp:1:  layout_basic_swamp, nicolae_swamp_little_swirl, swamp_pool5,
          nicolae_swamp_dense_foliage, infiniplex_staircase_pool, uniq_josephine
Swamp:2:  layout_falls_marsh, serial_swamp_ruin, evilmike_swamp_ruin_house_1,
          evilmike_swamp_ruin_house_4
Swamp:3:  layout_falls_marsh, nicolae_swamp_bean_lake,
          infiniplex_staircase_pool_2
Swamp:4:  grunt_swamp_rune_castle, layout_basic_swamp, uniq_bai_suzhen
Orc:1:    nicolae_orc_accident_1, layout_caves, serial_shops,
          nicolae_shop_hallway_plus
Orc:2:    grunt_orc_community_town_hall, layout_diamond_mine,
          grunt_orc_community_big_house_2, grunt_orc_community_big_house_2,
          grunt_orc_community_house_2, grunt_orc_community_house_3,
          grunt_orc_community_house_3, grunt_orc_community_house_2,
          grunt_orc_community_house_2, grunt_orc_community_house_3, basic_altar,
          biasface_ghost_orc_armoury, portal_ice_cave_rime,
          guppyfry_orc_lava_fort
Elf:1:    minmay_elf_arrival_summoners, layout_loops_corners, minivault_28,
          minmay_checkered_concentric_circles
Elf:2:    nicolae_elf_blades_crystal_corner, layout_geoelf_octagon,
          minivault_14, uniq_azrael
Elf:3:    elf_hall, layout_rooms, serial_glass, glass_columns_b,
          glass_columns_a, feat_on_display, gammafunk_ghost_split, st_stairs_3,
          corexii_hall_statues_x, minmay_shop_grove
Vaults:1: vaults_mumra_hexcomb, v_misc_2, nicolae_vaults_ring_of_whatevers,
          nicolae_vaults_hallways_thing, nicolae_vaults_trapezoid_2,
          hangedman_vaults_slice, hangedman_vaults_impose,
          nicolae_vaults_sealed_display, nicolae_vaults_asterisk,
          layout_vaults_omnigrid, serial_shops, nicolae_shop_just_a_little_nook,
          uniq_aizul
Vaults:2: nicolae_vaults_big_angled_halls, nicolae_vaults_storage_closets_1,
          v_rooms_2, nicolae_vaults_sesquioval_fish, ontoclasm_vaults_ligature,
          nicolae_vaults_three_branches, nicolae_vaults_double_plus_2,
          grunt_vaults_trifunnel, hangedman_vaults_slice,
          minmay_crypt_entry_simple_box, vaults_dpeg_encased_lava,
          vaults_dpeg_ring, nicolae_vaults_diamond_1, layout_vaults_omnicross,
          uniq_zenata
Vaults:3: v_pattern_3, nicolae_vaults_hexular_roomagon,
          nicolae_vaults_storage_closets_3, ontoclasm_vaults_fault,
          nicolae_vaults_tetromino_T_1, hangedman_vaults_nodes,
          ontoclasm_vaults_chip, st_cells, grunt_vaults_focal,
          hangedman_vaults_stagger, ontoclasm_vaults_idyll,
          nicolae_vaults_meiosis, v_misc_8, nicolae_vaults_tetromino_T_2,
          layout_vaults_omnibox, serial_shops, nicolae_shop_bloodbath_and_beyond
Vaults:4: vaults_room_ringed_pool, vaults_room_door_hall,
          nicolae_vaults_octothorpe, nicolae_vaults_disappearing_quadrants,
          nicolae_vaults_wrenched, vaults_room_octagon,
          nicolae_vaults_twisting_passages, nicolae_vaults_closet_pinwheel_3,
          nicolae_vaults_stairing_the_circle, vaults_room_grid,
          nicolae_vaults_windows_and_doors_thing, layout_vaults_maze,
          uniq_mennas, uniq_saint_roka, uniq_xtahua
Vaults:5: serial_shops

Skill      XL: |  1  2  3  4  5  6  7  8  9 10 11 12 13 14 15 16 17 18 19 20 21 |
---------------+----------------------------------------------------------------+-----
Armour         | 4 5 6 7 8 10 12 13 14 16 17 18 19 20 | 20.4
Fighting       | 4 5 6 7 8 10 11 12 13 15 16 17 18 19 20 21 22 | 22.7
Maces & Flails | 3 4 5 6 7 8 10 11 12 13 14 15 16 | 16.0
Shields        | 5 6 7 8 10 11 14 16 17 19 20 21 | 21.5
Invocations    | 4 6 8 10 11 12 14 | 14.0

Action                     |  1- 3 |  4- 6 |  7- 9 | 10-12 | 13-15 | 16-18 | 19-21 || total
---------------------------+-------+-------+-------+-------+-------+-------+-------++-------
  Melee: Flail             |   115 |   115 |       |       |   316 |  1271 |   297 ||  2114
         Spear             |       |     9 |   182 |       |       |       |       ||   191
         Mace              |       |       |   146 |   146 |    80 |       |       ||   372
         Morningstar       |       |       |       |   418 |   917 |     9 |       ||  1344
         Eveningstar       |       |       |       |       |       |    26 |   682 ||   708
         Sacred scourge    |       |       |       |       |       |       |   156 ||   156
  Throw: Boomerang         |       |       |       |       |     9 |     5 |       ||    14
 Invoke: Divine Shield     |       |       |       |     3 |    19 |    17 |    19 ||    58
         Cleansing Flame   |       |       |       |       |     1 |     6 |     3 ||    10
         Summon Divine War |       |       |       |       |       |     1 |     3 ||     4
         Brand Weapon With |       |       |       |       |       |       |     1 ||     1
  Evoke: Wand              |       |       |     3 |     2 |    19 |     6 |     3 ||    33
         Condenser vane    |       |       |       |       |       |     1 |     1 ||     2
         Phial of floods   |       |       |       |       |       |     1 |       ||     1
    Use: Scroll            |       |     7 |     6 |    10 |     6 |    10 |    15 ||    54
         Potion            |       |     1 |     2 |     1 |     2 |     1 |     6 ||    13
 Armour: Scale mail        |    47 |    64 |    92 |       |       |       |       ||   203
         Chain mail        |       |       |   109 |    14 |     4 |       |       ||   127
         Plate armour      |       |       |       |   192 |   331 |   590 |   485 ||  1598
  Dodge: Dodged            |    59 |    39 |   111 |   120 |   214 |   344 |   227 ||  1114
  Block: Buckler           |    17 |    25 |   187 |     6 |       |       |       ||   235
         Reflection        |       |       |     5 |    12 |    89 |    24 |   157 ||   287
         Kite shield       |       |       |       |   258 |       |       |       ||   258
         Tower shield      |       |       |       |   202 |  1310 |  1482 |  1541 ||  4535
